 Dungeon Crawl Stone Soup version 0.30-a0-297-g0ec75d9ef4 (webtiles) character file.

Game seed: 16480036729877539272

149 MrRokkomies the Sneak (level 5, -3/49 HPs)
             Began as an Armataur Delver on Oct 19, 2022.
             Slain by a goblin
             ... wielding a +0 club
             ... led by Robin
              (5 damage)
             ... on level 2 of the Dungeon.
             The game lasted 00:04:02 (1217 turns).

MrRokkomies the Sneak (Armataur Delver)             Turns: 1217, Time: 00:04:02

Health: -3/49      AC:  4    Str: 17    XL:     5   Next: 9%
Magic:  5/5        EV:  9    Int: 11    God:
Gold:   48         SH:  0    Dex: 13    Spells: 4/4 levels left

rFire   . . .      SeeInvis .    e - +0 short sword (venom)
rCold   . . .      Faith    .    (no shield)
rNeg    . . .      Spirit   .    b - +0 leather armour
rPois   .          Reflect  .    (no helmet)
rElec   .          Harm     .    (no cloak)
rCorr   .          Roll     +    (no gloves)
Will    .....                    (no barding)
Stlth   +++.......               (no amulet)
HPRegen 0.28/turn                (no ring)
MPRegen 0.09/turn                (no ring)

@: brilliant
A: large, rugged brown scales 3, deformed body, armoured tail, roll, long
tongue, awkward tongue
a: no special abilities


You were on level 2 of the Dungeon.
You visited 1 branch of the dungeon, and saw 4 of its levels.

You collected 48 gold pieces.

Inventory:

Hand Weapons
 a - a +1 mace
 e - a +0 short sword of venom (weapon)
Missiles
 i - 4 boomerangs (quivered)
Armour
 b - a +0 leather armour (worn)
Wands
 g - a wand of digging (3)
Scrolls
 c - a scroll of fog
 d - a scroll of magic mapping
 f - a scroll of fear
 k - a scroll of identify {unknown}
Potions
 h - a potion of might {unknown}
 j - a potion of flight {unknown}
 l - a potion of brilliance


   Skills:
 * Level 3.9 Fighting
 - Level 1.7 Maces & Flails
 + Level 2.3 Armour
 - Level 1.3 Dodging
 * Level 6.7 Stealth


You had 4 spell levels left.
You didn't know any spells.
Your spell library contained the following spells:

 Spells                   Type           Power      Damage    Failure   Level
 Blink                    Tloc           0%         N/A       54%         2
 Momentum Strike          Conj/Tloc      0%         3d8       54%         2
 Lesser Beckoning         Tloc           0%         N/A       77%         3


Dungeon Overview and Level Annotations

Branches:
Dungeon (5/15)
 Temple: D:4-7

Altars:

Annotations:
D:2 Robin
D:5 Eustachio


Innate Abilities, Weirdness & Mutations

You are completely covered in rugged brown scales. (AC +3, +7% HP)
Armour fits poorly on your strangely shaped body.
You have a long armoured tail.
You roll when moving toward enemies. (Rampage)
Your long tongue fully drains potion bottles. (2x potion effects)
Your tongue gives you trouble enunciating. (1.5x scroll delay)


Message History

Robin hits you but does no damage. The hobgoblin attacks as you move away!
The hobgoblin hits you.
* * * LOW HITPOINT WARNING * * *
Robin attacks as you move away! Robin barely misses you.
Things that are here:
a +0 dagger; a goblin corpse You hit the hobgoblin.
The hobgoblin is poisoned.
The hobgoblin is lightly wounded.
The hobgoblin closely misses you.
You hit the hobgoblin.
The hobgoblin looks even sicker.
The hobgoblin is almost dead.
The hobgoblin closely misses you. Robin throws the goblin at you!
* * * LOW HITPOINT WARNING * * *
You hit the hobgoblin.
You kill the hobgoblin!
The goblin closely misses you.
You hit the goblin but do no damage.
The goblin is poisoned.
You tail-slap the goblin.
You kill the goblin!
Robin throws the goblin at you! The goblin hits you but does no damage.
You barely miss the goblin. The goblin hits you but does no damage.
The goblin closely misses you.
You barely miss the goblin. The goblin closely misses you.
The goblin hits you with a +0 club.
* * * LOW HITPOINT WARNING * * *
You barely miss the goblin.
The goblin no longer looks unusually strong.
The goblin hits you with a +0 dagger.
* * * LOW HITPOINT WARNING * * *
The goblin hits you with a +0 club.
* * * LOW HITPOINT WARNING * * *
You hit the goblin.
You kill the goblin!
The goblin hits you with a +0 club.
* * * LOW HITPOINT WARNING * * *
You slurp down every last drop of the 2 viscous silvery potions!
It was a potion of brilliance.
You feel clever all of a sudden. Robin throws the goblin at you!
The goblin hits you with a +0 club.
You die...

#.###### #. #.# #. #.#
###.# ## #.# ....
#..#######.#
#..###....)..#.#
#...#..#####.#.#####.#
##.)).g#####..........#
####.....g†@g......#######
.........######..###
.........)# ##..#
#####.###.####...#
#.#.....##..##
#.#.###.##..## g...
#..#...# g.#.###..#.#.#
#.#.........#.#


You could see Robin and 2 goblins.

Vanquished Creatures
  A killer bee (D:4)
  Jessica (D:2)
  An iguana (D:5)
  2 adders
  A dart slug (D:2)
  4 orcs
  2 bats (D:2)
  5 goblins (D:2)
  4 hobgoblins (D:2)
  3 kobolds (D:2)
  2 quokkas
  A ball python (D:2)
  A rat (D:2)
28 creatures vanquished.

Notes
Turn   | Place    | Note
-------+----------+-------------------------------------------
     0 | D:5      | MrRokkomies the Armataur Delver began the quest for the
                  | Orb.
     0 | D:5      | Reached XP level 1. HP: 19/19 MP: 1/1
   249 | D:5      | Noticed an iguana
   256 | D:5      | Noticed a scorpion
   389 | D:5      | Killed an iguana
   390 | D:5      | Reached skill level 1 in Armour
   390 | D:5      | Reached XP level 2. HP: 5/27 MP: 2/2
   572 | D:5      | Noticed Eustachio
   600 | D:5      | Noticed a killer bee
   600 | D:5      | Noticed a killer bee
   601 | D:5      | Noticed a killer bee
   601 | D:5      | Noticed a killer bee
   607 | D:5      | Noticed an ice beast
   609 | D:5      | Noticed a killer bee
   628 | D:4      | Killed a killer bee
   629 | D:4      | Reached skill level 6 in Stealth
   629 | D:4      | Reached XP level 3. HP: 21/33 MP: 3/3
   629 | D:4      | Reached XP level 4. HP: 26/40 MP: 4/4
  1166 | D:2      | Noticed Jessica
  1174 | D:2      | Killed Jessica
  1178 | D:2      | Noticed Robin
  1179 | D:2      | Reached XP level 5. HP: 47/49 MP: 5/5
  1216 | D:2      | HP: 2/49 [goblin/+0 club[Robin] (5)]
  1217 | D:2      | Slain by a goblin

Illustrated notes

Levels and vault maps discovered:
D:2:      layout_loops_ring, basic_altar, uniq_natasha, uniq_robin, uniq_jessica
D:3:      layout_loops_cross, grunt_ministairs_4, kennysheep_generic_room_6,
          uniq_grinder, uniq_crazy_yiuf_cottage
D:4:      layout_loops_ring, minitemple, ebering_ghost_disaster_area,
          minmay_shop_mayhem, uniq_edmund
D:5:      layout_basic, minmay_fountain_box, skrybe_limestone_x,
          supply_closet_lemuel, uniq_eustachio

Skill      XL: |  1  2  3  4 |
---------------+-------------+-----
Fighting       | 3 |  3.9
Armour         | 1 2 |  2.3
Stealth        | 6 |  6.7
Maces & Flails | |  1.7
Dodging        | |  1.3

Action                   |  1- 3 |  4- 6 || total
-------------------------+-------+-------++-------
Melee: Mace              |    26 |    15 ||    41
       Tailslap          |     3 |     6 ||     9
       Short sword       |       |    57 ||    57
       Punch             |       |     1 ||     1
  Use: Scroll            |     2 |       ||     2
       Potion            |     4 |     1 ||     5
 Stab: Sleeping          |     1 |     6 ||     7
Armor: Leather armour    |    14 |    19 ||    33
       Skin              |    20 |     6 ||    26
Dodge: Dodged            |    20 |    26 ||    46

Table legend: (Time is in decaauts)
 A = Elapsed time spent in this place.
 B = Non-inter-level travel time spent in this place.
 C = Inter-level travel time spent in this place.
 D = Time resting spent in this place.
 E = Time spent auto-exploring this place.
 F = Levels seen in this place.
 G = Mean time per level.
                   A        B        C        D        E       F      G
               +--------+--------+--------+--------+--------+-----+--------+
         Total |   1209 |   1202 |      7 |    327 |    578 |   4 |  302.2 |
       Dungeon |   1209 |   1202 |      7 |    327 |    578 |   4 |  302.2 |
               +--------+--------+--------+--------+--------+-----+--------+

Top non-repeatable levels by time:
     D:5: 617 daAuts
     D:2: 261 daAuts
     D:4: 219 daAuts
     D:3: 111 daAuts
